 Dungeon Crawl Stone Soup version 0.29.1-12-g30fa7ad0bf (webtiles) character file.

Game seed: 17782883442110789350

2 cdecastro the Caller (level 1, 0/13 HPs)
             Began as a Merfolk Summoner on Dec 15, 2022.
             Constricted to death by a ball python (1 damage)
             ... on level 1 of the Dungeon.
             The game lasted 00:00:56 (413 turns).

cdecastro the Caller (Merfolk Summoner)              Turns: 413, Time: 00:00:57

Health: 0/13       AC:  2    Str:  8    XL:     1   Next: 40%
Magic:  1/3        EV:  9    Int: 14    God:
Gold:   23         SH:  0    Dex: 14    Spells: 3/4 levels left

rFire   . . .      SeeInvis .   (no weapon)
rCold   . . .      Faith    .   (no shield)
rNeg    . . .      Spirit   .   a - +0 robe
rPois   .          Reflect  .   (no helmet)
rElec   .          Harm     .   (no cloak)
rCorr   .          Rampage  .   (no gloves)
Will    .....                   (no boots)
Stlth   ++........              (no amulet)
HPRegen 0.04/turn               (no ring)
MPRegen 0.08/turn               (no ring)

@: constricted
A: (nimble swimmer 2), mertail
a: no special abilities


You were on level 1 of the Dungeon.
You visited 1 branch of the dungeon, and saw 2 of its levels.

You collected 23 gold pieces.

Inventory:

Armour
 a - a +0 robe (worn)
Scrolls
 c - a scroll of immolation {unknown}
Potions
 b - a potion of magic
 d - 2 potions of lignification {unknown}


   Skills:
 - Level 2.6 Dodging
 - Level 2.1 Stealth
 - Level 2.0 Spellcasting
 + Level 4.1 Summonings


You had 3 spell levels left.
You knew the following spells:

 Your Spells              Type           Power      Damage    Failure   Level
a - Summon Small Mammal   Summ           52%        N/A       4%          1

Your spell library contained the following spells:

 Spells                   Type           Power      Damage    Failure   Level
 Call Imp                 Summ           13%        N/A       7%          2
 Call Canine Familiar     Summ           13%        N/A       13%         3
 Summon Guardian Golem    Hex/Summ       7%         N/A       30%         3
 Ensorcelled Hibernation  Hex/Ice        2%         N/A       34%         2
 Passwall                 Tmut/Erth      0%         N/A       34%         2
 Swiftness                Air            1%         N/A       56%         3
 Summon Lightning Spire   Summ/Air       7%         N/A       71%         4


Dungeon Overview and Level Annotations

Branches:
Dungeon (2/15)

Altars:


Innate Abilities, Weirdness & Mutations

((You are very nimble when in or above water. (Stealth+, EV+, Speed+++)))
Your lower body shifts to a powerful aquatic tail in water.


Message History

Your bat closely misses the goblin.
The bat hits you but does no damage.
Your bat misses the bat. The goblin hits you with a +0 club.
Your rat barely misses the bat.
Unknown command.
You barely miss the goblin.
The goblin is moderately wounded.
The bat hits you but does no damage.
Your bat closely misses the goblin.
Your bat hits the bat. The goblin hits you with a +0 club.
The bat hits your bat but does no damage.
Your bat closely misses the bat.
Your rat misses the bat.
Unknown command.
You completely miss the goblin.
The goblin is moderately wounded.
The bat misses your bat.
Your bat misses the bat. The goblin hits you with a +0 club.
* * * LOW HITPOINT WARNING * * *
A gnoll comes into view. It is wielding a +0 flail.
Unknown command.
You hit the goblin but do no damage. You punch the goblin.
You kill the goblin!
The bat barely misses your rat. The ball python misses you.
The ball python grabs you. The ball python constricts you.
* * * LOW HITPOINT WARNING * * *
Unknown command.
You hit the ball python but do no damage.
Your bat barely misses the ball python.
The ball python bites you.
* * * LOW HITPOINT WARNING * * *
The ball python constricts you. The bat hits your rat.
Unknown command.
You completely miss the ball python. Your bat hits the ball python.
The ball python barely misses you. The ball python constricts you.
The bat hits you but does no damage.
Your rat barely misses the ball python.
Unknown command.
You closely miss the ball python.
The ball python is moderately wounded.
The bat closely misses you. The bat barely misses you.
The ball python bites you.
* * * LOW HITPOINT WARNING * * *
The ball python constricts you.
You die...

##.#.#
...#.###
#..#... .#
..#..# ...#
.....#
#...##....#
#......#b#
.$.##S@#..#
......rb>..#
.?....b....#
#######g...#
.....#
###.#.#
....# #.###
#.#


You could see a gnoll, a bat, a ball python (ally target), a friendly bat
(summoned) and a friendly rat (summoned).

Vanquished Creatures
  A goblin (D:1)
1 creature vanquished.

Vanquished Creatures (collateral kills)
  A quokka (D:1)
1 creature vanquished.

Grand Total: 2 creatures vanquished

Notes
Turn   | Place    | Note
-------+----------+-------------------------------------------
     0 | D:1      | cdecastro the Merfolk Summoner began the quest for the Orb.
     0 | D:1      | Reached XP level 1. HP: 13/13 MP: 3/3
   365 | D:1      | You fall into a shaft and drop 1 floor!
   413 | D:1      | Constricted to death by a ball python

Illustrated notes

Levels and vault maps discovered:
D:1:      amcnicky_arrival_single_pillar, layout_basic, minmay_misc_feat_iff
D:2:      layout_basic, roderic_cross_of_infinity, corexii_shack

Action                   || total
-------------------------++-------
Melee: Unarmed           ||    11
       Punch             ||     1
 Cast: Summon Small Mamm ||     5
Armor: Robe              ||     7
Dodge: Dodged            ||    13
